Map: Honorgrounds LE

Players

Railgan - Winner!

  • Race: Zerg Zerg
  • League: Master
  • Spawn Location: 11:00

mAxim

  • Race: Zerg Zerg
  • League: Master
  • Spawn Location: 7:00

VOD

Have the link to the VOD?

Description

Time

  • Played on: Feb. 24, 2017, 4:42 p.m.
  • Length: 8:28
Show
View Real Time Build Order
Export as new Build Order

Railgan Zerg - Winner!

Build Orders: Hatch First, Zergling Baneling 

Get SALT Encoding   

  12  0:02  Drone  
  13  0:13  Overlord  
  13  0:18  Drone  
  14  0:31  Drone  
  14  0:32  Drone  
  14  0:35  Drone  
  17  0:47  Drone  
  18  0:58  Hatchery  
  18  1:00  Drone  
  18  1:04  Extractor  
  17  1:17  Spawning Pool  
  17  1:18  Drone  
  17  1:20  Drone  
  18  1:31  Drone  
  19  1:41  Overlord  
  19  1:55  Drone  
  20  2:08  Queen  
  20  2:09  Zergling x2  
  20  2:10  Queen  
  20  2:12  Drone x2  
  27  2:16  Metabolic Boost  
  27  2:21  Drone  
  28  2:24  Drone  
  29  2:32  Drone  
  29  2:35  Baneling Nest  
  29  2:37  Drone  
  29  2:43  Overlord  
  29  2:44  Queen  
  30  2:51  Queen  
  32  2:55  Drone  
  35  3:00  Zergling x2  
  35  3:04  Drone  
  36  3:06  Drone  
  36  3:09  Drone  
  38  3:14  Zergling x2  
  38  3:17  Drone x2, Overlord  
  41  3:28  Drone x2  
  41  3:34  Baneling x2, Roach Warren  
  43  3:40  Zergling x6  
  45  3:49  Hatchery  
  45  3:52  Drone x2  
  45  3:54  Drone  
  47  3:57  Extractor  
  47  4:01  Baneling x2  
  46  4:04  Drone x3  
  46  4:08  Drone x3  
  52  4:12  Overlord  
  52  4:14  Baneling  
  52  4:15  Baneling  
  52  4:17  Overlord  
  52  4:21  Baneling x3  
  50  4:41  Roach  
  50  4:42  Roach x5  
  60  4:46  Roach  
  60  4:49  Baneling, Zergling x6  
  65  4:54  Zergling x2  
  65  4:57  Evolution Chamber  
  63  5:07  Drone  
  63  5:08  Zergling x2  
  63  5:09  Lair, Zergling x2  
  63  5:13  Zergling x2  
  67  5:14  Drone  
  67  5:18  Drone  
  69  5:25  Baneling x4  
  69  5:26  Zergling x2  
  69  5:27  Zergling x6  
  73  5:28  Overlord  
  73  5:29  Overlord x3  
  73  5:34  Extractor  
  72  5:42  Zergling x2  
  71  5:51  Drone x3  
  71  5:55  Zerg Missile Weapons Level 1  
  71  5:56  Drone  
  73  5:57  Drone x5  
  73  6:02  Roach x2  
  73  6:03  Drone  
  82  6:15  Drone x5  
  82  6:16  Drone  
  82  6:18  Drone x2  
  89  6:22  Extractor  
  89  6:23  Roach x2  
  93  6:29  Roach x3  
  93  6:31  Hatchery  
  98  6:34  Drone x2  
  98  6:35  Glial Reconstitution  
  98  6:39  Drone x3  
  103  6:41  Extractor  
  103  6:42  Baneling  
  103  6:44  Overlord  
  103  6:45  Overlord  
  102  6:48  Overseer  
  102  6:50  Roach x2  
  106  6:54  Overlord  
  106  6:55  Overlord  
  105  7:05  Roach  
  107  7:11  Drone x4  
  107  7:12  Roach x5  
  107  7:13  Roach  
  123  7:16  Ravager x2  
  123  7:20  Overlord  
  123  7:22  Roach x4  
  130  7:25  Overlord  
  130  7:29  Roach  
  132  7:31  Overlord x2  
  132  7:33  Roach  
  132  7:35  Overlord  
  134  7:44  Hydralisk Den  
  134  7:46  Extractor, Drone x3  
  134  7:49  Roach x2  
  134  7:50  Roach  
  141  7:54  Roach x4  
  147  7:59  Ravager  
  147  8:00  Roach x3  
Show
View Real Time Build Order
Export as new Build Order

mAxim Zerg 

Build Orders: Hatch First, Zergling Baneling 

Get SALT Encoding   

  12  0:00  Drone  
  13  0:13  Overlord  
  13  0:19  Drone  
  14  0:31  Drone x2  
  14  0:35  Drone  
  17  0:54  Hatchery  
  17  0:57  Drone  
  17  0:59  Drone  
  18  1:10  Extractor  
  17  1:15  Spawning Pool  
  17  1:17  Drone  
  17  1:20  Drone  
  18  1:32  Drone  
  19  1:41  Overlord  
  19  1:51  Drone  
  20  2:02  Queen  
  20  2:03  Drone  
  20  2:05  Queen  
  20  2:06  Zergling x2  
  26  2:10  Metabolic Boost  
  26  2:14  Drone  
  27  2:20  Drone  
  28  2:34  Hatchery  
  27  2:42  Baneling Nest  
  26  2:50  Drone x4  
  29  3:06  Drone  
  29  3:07  Drone x2  
  29  3:11  Overlord  
  32  3:13  Zergling x6  
  35  3:22  Drone  
  36  3:32  Zergling x6  
  39  3:39  Overlord  
  39  3:40  Drone  
  40  3:44  Baneling  
  40  3:48  Queen  
  40  3:49  Zergling x10  
  40  3:51  Zergling x4  
  48  4:04  Zergling x4  
  48  4:05  Zergling x6  
  48  4:06  Baneling x4  
  48  4:07  Baneling  
  53  4:16  Baneling x2, Zergling x4  
  53  4:17  Zergling x4  
  48  4:40  Zergling x10  
  48  4:41  Zergling x8  
  49  4:49  Drone  
  49  5:00  Drone x3  
  49  5:06  Roach Warren  
  50  5:11  Spine Crawler x2, Zergling x6  
  50  5:12  Spine Crawler  
  50  5:13  Spine Crawler  
  47  5:27  Zergling x6  
  47  5:28  Overlord  
  50  5:53  Drone x8  
  50  5:54  Overlord  
  50  5:56  Lair  
  58  5:59  Overlord  
  58  6:06  Overlord  
  58  6:17  Drone  
  58  6:18  Drone x10  
  68  6:22  Extractor  
  68  6:24  Extractor  
  65  6:26  Baneling  
  65  6:33  Drone x9  
  74  6:50  Extractor  
  74  6:51  Extractor x2  
  71  7:06  Unknown  
  71  7:13  Spire, Drone x8  
  78  7:16  Drone x4  
  78  7:20  Overlord  
  78  7:22  Overlord x2  
  81  7:31  Overlord  
  81  7:35  Baneling x3  
  81  7:36  Baneling x3  
  81  7:38  Overlord  
  81  7:40  Roach x7  
  94  7:55  Roach x9  
  109  7:59  Spine Crawler  
  109  8:01  Spine Crawler  
Tags
 
Add a new tag
Caveats
  • Supply blocks, unpowered buildings, or Contaminate may cause inaccurate times.
  • Supply counts are checked every 10 seconds.